 Dungeon Crawl Stone Soup version 0.29.0-13-gc9e81de378 (webtiles) character file.

Game seed: 17330701652989258954

420 Artool the Ducker (level 6, -3/48 HPs)
             Began as a Demonspawn Gladiator on Sept 7, 2022.
             Was an Initiate of Hepliaklqana.
             Slain by Crazy Yiuf
             ... wielding a +3 quarterstaff of chaos
              (6 damage)
             ... on level 4 of the Dungeon.
             The game lasted 00:05:19 (2945 turns).

Artool the Ducker (Demonspawn Gladiator)            Turns: 2945, Time: 00:05:19

Health: -3/48      AC:  3    Str: 16    XL:     6   Next: 62%
Magic:  6/6        EV: 13    Int:  9    God:    Hepliaklqana [......]
Gold:   103        SH:  0    Dex: 15    Spells: 5/5 levels left

rFire   . . .      SeeInvis .   h - +4 whip
rCold   . . .      Faith    .   (no shield)
rNeg    . . .      Spirit   .   b - +0 leather armour
rPois   .          Reflect  .   (helmet restricted)
rElec   .          Harm     .   (no cloak)
rCorr   .          Rampage  .   (no gloves)
Will    .....                   (no boots)
Stlth   +.........              o - amulet of regeneration
HPRegen 0.96/turn               (no ring)
MPRegen 0.10/turn               (no ring)

@: no status effects
A: antennae 2, hooves 1
a: Renounce Religion


You were on level 4 of the Dungeon.
You worshipped Hepliaklqana.
Hepliaklqana was noncommittal.
You visited 1 branch of the dungeon, and saw 4 of its levels.

You collected 103 gold pieces.

Inventory:

Hand Weapons
 h - a +4 whip (weapon)
Missiles
 d - 3 throwing nets (quivered)
 e - a javelin
Armour
 b - a +0 leather armour (worn)
 c - a +0 helmet
 p - a scarf of shadows
Magical Staves
 i - a staff of poison
Jewellery
 o - an amulet of regeneration (around neck)
Scrolls
 f - 7 scrolls of identify {unknown}
 g - a scroll of fog {unknown}
 n - 2 scrolls of teleportation {unknown}
 q - a scroll of vulnerability {unknown}
 s - 3 scrolls of silence {unknown}
 u - 3 scrolls of magic mapping {unknown}
 v - a scroll of blinking {unknown}
Potions
 a - 4 potions of curing {unknown}
 j - 3 potions of magic {unknown}
 k - a potion of heal wounds {unknown}
 l - a potion of might {unknown}
 m - a potion of brilliance {unknown}
 r - a potion of lignification {unknown}
 t - 2 potions of ambrosia {unknown}


   Skills:
 + Level 3.9 Fighting
 + Level 4.0 Maces & Flails
 - Level 2.0 Throwing
 + Level 2.9 Armour
 + Level 4.1 Dodging


You had 5 spell levels left.
You didn't know any spells.
Your spell library contained the following spells:

 Spells                   Type           Power      Damage    Failure   Level
 Static Discharge         Conj/Air       0%         3-3/arc   58%         2
 Dispel Undead            Necr           0%         3d6       99%         4
 Sticky Flame             Conj/Fire      0%         2d3       99%         4


Dungeon Overview and Level Annotations

Branches:
Dungeon (4/15)
 Temple: D:4-7

Altars:
Hepliaklqana

Annotations:
D:4 Crazy Yiuf


Innate Abilities, Weirdness & Mutations

You have a pair of antennae on your head.
You have large cloven feet.


Message History

You kill the hobgoblin!
You hit the orc.
The orc is lightly wounded.
The orc hits you with a +0 short sword.
You barely miss the orc. You kick the orc, but do no damage.
The orc is lightly wounded.
The orc closely misses you.
You hit the orc. You kick the orc.
You kill the orc!
No target in view!
No target in view!
Things that are here:
a +0 short sword; a +0 ring mail
v - a scroll labelled CEVUNU RIUCIRU
Found a hammer.
Found a runed translucent door.
Crazy Yiuf whimpers, "You!"
You sense a monster nearby.
You open the door.
Crazy Yiuf yells, "Pitchfork rumpyflump wrapper!"
You hit Crazy Yiuf but do no damage. You punch Crazy Yiuf, but do no damage.
Crazy Yiuf hits you with a +3 quarterstaff of chaos.
Crazy Yiuf burns you.
You hit Crazy Yiuf but do no damage. Crazy Yiuf closely misses you.
You hit Crazy Yiuf but do no damage. Your kick misses Crazy Yiuf.
Crazy Yiuf cries, "Sif Muna sallow alas!"
Crazy Yiuf hits you with a +3 quarterstaff of chaos!
You convulse.
You hit Crazy Yiuf.
Crazy Yiuf is moderately wounded.
Crazy Yiuf hits you with a +3 quarterstaff of chaos!
* * * LOW HITPOINT WARNING * * *
You hit Crazy Yiuf. You kick Crazy Yiuf.
Crazy Yiuf is heavily wounded.
Crazy Yiuf barely misses you.
You hit Crazy Yiuf. You kick Crazy Yiuf, but do no damage.
Crazy Yiuf is severely wounded.
Crazy Yiuf hits you with a +3 quarterstaff of chaos!
* * * LOW HITPOINT WARNING * * *
Crazy Yiuf burns you.
You die...

##.....######.........##
##†.#######
#..........####
...##.....#
#.............#
.#.##....##
#############.#
.#.##<...# #.#
.........# #.##
.##......# ### ####..#
....#....# #)..###
##.....# .####....#
#...g@####......# ##
#....# #...##..#......##
# ###### ### ###.#....##
########


You could see Crazy Yiuf.

Vanquished Creatures
  An ogre (D:4)
  2 scorpions
  A howler monkey (D:4)
  A hound (D:4)
  An iguana (D:4)
  An adder (D:3)
  2 worms (D:2)
  4 dart slugs
  7 orcs
  6 endoplasms
  5 giant cockroaches
  6 goblins
  9 hobgoblins
  2 jackals (D:2)
  4 quokkas
  9 ball pythons
  4 bats
  8 frilled lizards
  10 kobolds
  6 rats
89 creatures vanquished.

Notes
Turn   | Place    | Note
-------+----------+-------------------------------------------
     0 | D:1      | Artool the Demonspawn Gladiator began the quest for the
                  | Orb.
     0 | D:1      | Reached XP level 1. HP: 16/16 MP: 1/1
   411 | D:1      | Discovered your monstrous ancestry.
   411 | D:1      | Gained mutation: You have large cloven feet. [demonic
                  | ancestry]
   411 | D:1      | Reached XP level 2. HP: 22/22 MP: 2/2
   906 | D:1      | Reached skill level 1 in Armour
   923 | D:1      | Gained mutation: You have a pair of small antennae on your
                  | head. [demonic ancestry]
   923 | D:1      | Reached XP level 3. HP: 28/28 MP: 3/3
  1037 | D:1      | Found a faded altar of an unknown god.
  2061 | D:3      | Reached XP level 4. HP: 27/34 MP: 4/4
  2252 | D:3      | Noticed a scorpion
  2264 | D:3      | Killed a scorpion
  2265 | D:3      | Gained mutation: You have a pair of antennae on your head.
                  | [demonic ancestry]
  2265 | D:3      | Reached XP level 5. HP: 31/41 MP: 5/5
  2300 | D:3      | Found a hazy altar of Hepliaklqana.
  2305 | D:3      | Became a worshipper of Hepliaklqana the Forgotten
  2799 | D:4      | Reached XP level 6. HP: 47/47 MP: 6/6
  2935 | D:4      | Found a runed translucent door.
  2936 | D:4      | Noticed Crazy Yiuf
  2945 | D:4      | Slain by Crazy Yiuf

Illustrated notes

Levels and vault maps discovered:
D:1:      dpeg_arrival_rooms_b, layout_basic, shapermc_ecumenical_altar_ellora
D:2:      layout_basic
D:3:      layout_rooms, worldfamousw_hep_ancestral_shrine, minmay_crystal_water
D:4:      nicolae_BIG_FREAKIN_CUBE, layout_rooms, uniq_crazy_yiuf_cottage,
          uniq_blork_the_orc

Skill      XL: |  1  2  3  4  5  6 |
---------------+-------------------+-----
Throwing       | 2 |  2.0
Armour         | 1 2 |  2.9
Dodging        | 3 4 |  4.1
Maces & Flails | 3 4 |  4.0
Fighting       | 3 |  3.9

Action                   |  1- 3 |  4- 6 || total
-------------------------+-------+-------++-------
Melee: Flail             |    14 |       ||    14
       Whip              |   103 |   107 ||   210
       Punch             |     2 |     2 ||     4
       Kick              |    21 |    31 ||    52
 Stab: Sleeping          |       |     1 ||     1
Armor: Leather armour    |    27 |     6 ||    33
Dodge: Dodged            |    62 |    67 ||   129
